 Dungeon Crawl Stone Soup version 0.29-a0-541-gaf1fc19f1b (webtiles) character file.

Game seed: 14639568688735783332

767 Sobieck the Magician (level 7, -1/35 (38) HPs)
             Began as a Deep Elf Hedge Wizard on June 2, 2022.
             Slain by a wight
             ... wielding a +5 dagger
              (4 damage)
             ... on level 5 of the Dungeon.
             The game lasted 00:15:18 (5720 turns).

Sobieck the Magician (Deep Elf Hedge Wizard)        Turns: 5720, Time: 00:15:19

HP:   -1/35 (38)    AC:  5    Str:  7    XL:     7   Next: 52%
MP:   26/26         EV: 13    Int: 21    God:
Gold: 212           SH:  0    Dex: 14    Spells: 5/17 levels left

rFire   . . .      SeeInvis .   a - +1 dagger (vamp) {short}
rCold   . . .      Faith    .   (no shield)
rNeg    . . .      Spirit   .   b - +0 robe
rPois   .          Reflect  .   c - +1 hat
rElec   .          Harm     .   (no cloak)
rCorr   .          Rampage  .   h - +1 pair of gloves
Will    .....                   (no boots)
Stlth   ++........              z - amulet of magic regeneration {@e2}
HPRegen 0.11/turn               p - ring of magical power
MPRegen 0.60/turn               (no ring)

@: about to teleport, on blink cooldown, drained, invisible
A: no striking features
a: no special abilities


You were on level 5 of the Dungeon.
You visited 1 branch of the dungeon, and saw 5 of its levels.

You collected 212 gold pieces.


   Skills:
 - Level 1.0 Fighting
 - Level 3.0 Dodging
 - Level 3.0 Stealth
 + Level 5.5 Spellcasting
 + Level 4.4 Conjurations
 - Level 2.5 Hexes
 - Level 2.0 Summonings
 - Level 2.4 Translocations
 - Level 3.0 Air Magic
 + Level 4.4 Poison Magic


You had 5 spell levels left.
You knew the following spells:

 Your Spells              Type           Power      Damage    Failure   Level
a - Magic Dart            Conj           96%        1d7       1%          1
b - Blink                 Tloc           30%        N/A       6%          2
c - Call Imp              Summ           14%        N/A       7%          2
d - Slow                  Hex            64%        N/A       3%          1
e - Mephitic Cloud        Conj/Pois/Air  22%        N/A       6%          3
f - Swiftness             Air            18%        N/A       9%          3

Your spell library contained the following spells:

 Spells                   Type           Power      Damage    Failure   Level
 Ensorcelled Hibernation  Hex/Ice        22%        N/A       10%         2
 Conjure Flame            Conj/Fire      15%        6-21      12%         3
 Passwall                 Tmut/Erth      4%         N/A       16%         2
 Wereblood                Tmut           5%         N/A       16%         2
 Animate Armour           Summ/Erth      18%        N/A       56%         4
 Summon Ice Beast         Ice/Summ       9%         N/A       56%         4
 Alistair's Intoxication  Tmut/Pois      10%        N/A       75%         5

Inventory:

Hand Weapons
 a - a +1 vampiric dagger (weapon) {short}
 D - a +1 vorpal hand axe {axe}
   (You took it off an orc on level 4 of the Dungeon)
Missiles
 i - 35 stones {throwing}
 r - 5 poisoned darts {throwing}
 A - 3 boomerangs {throwing}
Armour
 b - a +0 robe (worn)
 c - a +1 hat (worn)
 g - a +0 leather armour
   (You took it off an orc on level 4 of the Dungeon)
 h - a +1 pair of gloves (worn)
   (You found it on level 1 of the Dungeon)
 n - a +0 scale mail
   (You found it on level 1 of the Dungeon)
 o - a +0 robe
   (You found it on level 1 of the Dungeon)
 q - a +0 robe
   (You found it on level 2 of the Dungeon)
 u - a +0 leather armour
   (You found it on level 4 of the Dungeon)
 v - a +0 animal skin
   (You took it off Robin on level 2 of the Dungeon)
 w - a +0 ring mail
   (You took it off an orc on level 3 of the Dungeon)
 F - a +0 ring mail
   (You took it off an orc priest on level 4 of the Dungeon)
Jewellery
 p - a ring of magical power (left hand)
   (You found it on level 1 of the Dungeon)
 z - an amulet of magic regeneration (around neck) {@e2}
   (You found it on level 3 of the Dungeon)
Wands
 x - a wand of flame (5)
   (You found it on level 3 of the Dungeon)
Scrolls
 j - 2 scrolls of amnesia
Potions
 d - 3 potions of magic
 e - 2 potions of degeneration {!q@e2}
 f - 2 potions of berserk rage {!q}
 m - 2 potions of attraction {!q}
 t - a potion of resistance
 B - a potion of mutation {!q}
 C - a potion of brilliance

Dungeon Overview and Level Annotations

Branches:
Dungeon (5/15)
 Temple: D:4-7

Altars:
Gozag
Nemelex Xobeh
Ru

Shops:
D:5 =

Annotations:
D:3 Ijyb, Sigmund
D:4 2 runed translucent doors, zishaf's ghost, novice HuNe

#<###.....# .... ...
##.........## #..? ...
#...........#. #....
#...##.............####
....†##.##................#...
..........#.#..................
...?......#..##....#..#........
.........##......#.##.#........
.....∩....#.####@..............
...[........###zz##............
............#.z..#.............
....##......#z.........).......
... ##.....w..####............
.. #.....z5### #......<..... .
.........# #..........##
.....###### ############ ...##


You could see 5 wights, a dart slug (can't see you, ally target) and a friendly
crimson imp (summoned).


Message History

Okay, then.
You climb upwards.
Level annotation: 2 runed translucent doors, zishaf's ghost, novice HuNe
There is a stone staircase leading down here.
Unknown command.
As you read the scroll labelled OTWEOF OCSUKK, it crumbles to dust.
It is a scroll of brand weapon.
Your +1 dagger {short} thirsts for the lives of mortals!
a - a +1 vampiric dagger (weapon)
{short}
As you read the scroll labelled QIFAOTZ FOEXANG, it crumbles to dust.
You hear a loud clanging noise!
It was a scroll of noise.
You hear an angry hiss.
Unknown command.
You climb downwards.
You hear the hiss of flowing sand.
There is an entrance to an ossuary on this level.
Hurry and find it before the portal is buried!
There is a stone staircase leading up here.
You feel the dreadful sensation subside.
You are now empty-handed.
You feel a sense of dread.
a - a +1 vampiric dagger (weapon)
{short} Unknown command.
You now have 212 gold pieces (gained 11).
y - 3 scrolls of identify {@r1} (gained 1)
Found a stone staircase leading up.
Unknown command.
As you read the scroll of identify {@r1}, it crumbles to dust.
t - a potion of resistance
As you read the scroll of identify {@r1}, it crumbles to dust.
B - a potion of mutation
As you read the scroll of identify {@r1}, it crumbles to dust.
C - a potion of brilliance Unknown command.
j - 2 scrolls of amnesia (gained 1)
Found Hiapsoim's Jewellery Boutique.
Unknown command.
An adder comes into view.
Danger!
The magic dart hits the adder.
The adder hisses angrily.
The magic dart hits the adder.
You kill the adder!
You can't see any susceptible monsters within range! (Use Z to cast anyway.)
A wight comes into view. It is wielding a +0 battleaxe.
Danger!
The magic dart hits the wight.
You hear the slow hiss of a distant avalanche of sand.
A dart slug comes into view.
The magic dart hits the wight.
The magic dart hits the wight.
A wight comes into view. It is wielding a +5 dagger.
The magic dart hits the wight but does no damage.
Casting: Magic Dart (safe; 1% risk of failure)
Confirm with . or Enter, or press ? or * to list all spells.
A beastly little devil appears in a puff of flame.
Your crimson imp hits the wight but does no damage.
The wight barely misses your crimson imp.
Your crimson imp hits the wight.
The wight closely misses your crimson imp.
The dart slug launches a dart at you. The slug dart misses you.
Your crimson imp barely misses the wight.
Your crimson imp hits the wight.
Unknown command.
Your crimson imp misses the wight.
Unknown command.
The magic dart hits the wight but does no damage.
The magic dart hits the wight but does no damage.
A wight comes into view. It is wielding a +3 mace.
The magic dart hits the wight.
A wight comes into view. It is wielding a +0 halberd.
Unknown command.
The wight attacks as you move away! The wight hits you with a +0 battleaxe!
You feel drained.
The wight barely misses your crimson imp.
The wight attacks as you move away! The wight hits you with a +0 battleaxe!
* * * LOW HITPOINT WARNING * * *
You feel drained.
* * * LOW HITPOINT WARNING * * *
The wight closely misses your crimson imp.
Your crimson imp blinks!
Okay, then.
Casting: Magic Dart (safe; 1% risk of failure)
Confirm with . or Enter, or press ? or * to list all spells.
You blink.
The wight attacks as you move away! The wight hits you with a +5 dagger.
* * * LOW HITPOINT WARNING * * *
The dart slug bites your crimson imp but does no damage.
A wight comes into view. It is wielding a +0 dagger.
Your crimson imp hits the dart slug.
Unknown command.
As you read the scroll of teleportation {@r4}, it crumbles to dust.
You feel strangely unstable. The wight closely misses you.
The wight hits you with a +0 battleaxe.
* * * LOW HITPOINT WARNING * * *
Your crimson imp hits the dart slug.
You fade into invisibility!
The wight hits you with a +5 dagger.
You die...

Skill      XL: |  1  2  3  4  5  6  7 |
---------------+----------------------+-----
Hexes          | 1 2 |  2.5
Stealth        | 3 |  3.0
Translocations | 2 |  2.4
Dodging        | 3 |  3.0
Summonings     | 2 |  2.0
Spellcasting   | 5 |  5.5
Conjurations   | 2 3 4 |  4.4
Fighting       | 1 |  1.0
Air Magic      | 1 3 |  3.0
Poison Magic   | 1 3 4 |  4.4

Action                   |  1- 3 |  4- 6 |  7- 9 || total
-------------------------+-------+-------+-------++-------
Melee: Dagger            |     5 |     3 |       ||     8
 Cast: Magic Dart        |    92 |   171 |    68 ||   331
       Call Imp          |     2 |    11 |     2 ||    15
       Blink             |       |     6 |     2 ||     8
       Slow              |       |     3 |       ||     3
       Mephitic Cloud    |       |       |     1 ||     1
  Use: Scroll            |       |    11 |     7 ||    18
       Potion            |       |       |     1 ||     1
 Stab: Sleeping          |     2 |     1 |       ||     3
Armor: Robe              |    10 |     9 |     1 ||    20
Dodge: Dodged            |    22 |    36 |     4 ||    62

Levels and vault maps discovered:
D:1:      dpeg_arrival_rooms_c, layout_loops_ring,
          hellmonk_ecumenical_altar_slurped_away, minmay_domino_2
D:2:      layout_rooms, uniq_robin
D:3:      layout_loops_ring, nemelex_dance_club_becter, serial_co_window_serial,
          co_window_paths_b, co_window_paths_a, co_window_paths_b,
          co_window_paths_b, co_window_cross_1, co_window_broadway_b,
          co_window_unsneaky_path_c, co_window_corner_b, co_window_cross_4,
          co_window_of_opportunity_b, co_window_paths_d, glass_columns_a,
          glass_columns_a, glass_columns_b, glass_columns_b, uniq_ijyb,
          uniq_sigmund, uniq_natasha
D:4:      layout_rooms, nicolae_ru_path_of_blood, lemuel_doored_altar,
          ebering_ghost_sewer_f, grunt_decor_mini_mirrors, minmay_goblin_outpost
D:5:      minmay_razor_zed, layout_cave_pools, trog_butcher_becter,
          lemuel_round_altar, minmay_temple_entry_wispy, serial_shops, shop,
          lightli_ossuary_entry_decrepit_ruins, uniq_edmund

Notes
Turn   | Place    | Note
-------+----------+-------------------------------------------
     0 | D:1      | Sobieck the Deep Elf Hedge Wizard began the quest for the
                  | Orb.
     0 | D:1      | Reached XP level 1. HP: 10/10 MP: 7/7
   112 | D:1      | Found a faded altar of an unknown god.
   245 | D:1      | Reached XP level 2. HP: 15/15 MP: 6/9
   260 | D:1      | Learned a level 2 spell: Blink
   263 | D:1      | Learned a level 2 spell: Call Imp
   265 | D:1      | Learned a level 1 spell: Slow
  1028 | D:2      | Reached XP level 3. HP: 19/19 MP: 11/11
  1123 | D:2      | Reached skill level 1 in Hexes
  1177 | D:2      | Noticed Robin
  1363 | D:2      | You pick up a book of Minor Magic and begin reading...
  1486 | D:2      | Reached skill level 3 in Stealth
  1486 | D:2      | Reached skill level 2 in Translocations
  1838 | D:2      | Reached XP level 4. HP: 23/24 MP: 12/12
  1844 | D:2      | Killed Robin
  1845 | D:2      | Reached skill level 3 in Dodging
  1846 | D:2      | Reached skill level 2 in Summonings
  1854 | D:2      | Reached skill level 5 in Spellcasting
  1861 | D:2      | Reached skill level 2 in Conjurations
  2053 | D:3      | Reached skill level 2 in Hexes
  2127 | D:3      | Noticed Natasha
  2134 | D:3      | Killed Natasha
  2379 | D:3      | Noticed Sigmund
  2414 | D:3      | HP: 6/24 [poisoned by Sigmund]
  2418 | D:2      | HP: 2/24 [poisoned by Sigmund]
  2762 | D:3      | Learned a level 3 spell: Mephitic Cloud
  2926 | D:3      | Noticed Ijyb
  2936 | D:3      | HP: 1/24 [Ijyb/iceblast (8)]
  3035 | D:3      | Noticed Natasha
  3244 | D:3      | Killed Natasha
  3245 | D:3      | Reached skill level 1 in Fighting
  3245 | D:3      | Reached XP level 5. HP: 10/29 MP: 14/14
  3457 | D:3      | You add the spells Wereblood, Summon Ice Beast, Animate
                  | Armour and Alistair's Intoxication to your library.
  3457 | D:3      | Got Woriud's Handbook of Creative Changing
  3553 | D:3      | Found a sparkling altar of Nemelex Xobeh.
  3952 | D:3      | Noticed Natasha
  3979 | D:3      | Killed Natasha
  3980 | D:3      | Reached skill level 1 in Air Magic
  3980 | D:3      | Reached skill level 1 in Poison Magic
  4174 | D:4      | Found an opulent altar of Gozag.
  4473 | D:4      | Reached XP level 6. HP: 22/34 MP: 15/15
  4599 | D:4      | Reached skill level 3 in Conjurations
  4599 | D:4      | Reached skill level 2 in Air Magic
  4599 | D:4      | Reached skill level 2 in Poison Magic
  4649 | D:4      | Reached skill level 3 in Poison Magic
  4753 | D:4      | Found a runed translucent door.
  4777 | D:4      | Found a sacrificial altar of Ru.
  4925 | D:4      | Found a runed translucent door.
  4927 | D:4      | Noticed zishaf's ghost (novice HuNe)
  4932 | D:4      | Reached skill level 3 in Air Magic
  4972 | D:4      | Reached XP level 7. HP: 26/38 MP: 16/16
  5085 | D:4      | Reached skill level 4 in Conjurations
  5085 | D:4      | Reached skill level 4 in Poison Magic
  5166 | D:4      | You pick up a book of Burglary and begin reading...
  5166 | D:4      | You add the spells Passwall, Ensorcelled Hibernation and
                  | Swiftness to your library.
  5229 | D:4      | Learned a level 3 spell: Swiftness
  5648 | D:5      | Entered Level 5 of the Dungeon
  5689 | D:5      | Found Hiapsoim's Jewellery Boutique.
  5718 | D:5      | HP: 7/35 [wight/+5 dagger (5)]
  5719 | D:5      | HP: 3/35 [wight/+0 battleaxe (5)]
  5720 | D:5      | Slain by a wight

Vanquished Creatures
  2 ogres (D:4)
  A necrophage (D:4)
  A hound (D:4)
  2 jellies (D:4)
  3 orc priests (D:4)
  Natasha (thrice) (D:3)
  Robin (D:2)
  3 gnolls (D:4)
  7 adders
  A worm (D:3)
  A dart slug (D:4)
  7 orcs
  9 ball pythons
  7 endoplasms
  6 giant cockroaches
  18 goblins
  11 hobgoblins
  6 kobolds
  2 quokkas
  4 bats
  4 rats
99 creatures vanquished.

Vanquished Creatures (collateral kills)
  A necrophage (D:4)
  A gnoll (D:4)
  2 goblins
  A hobgoblin (D:2)
  A ball python (D:3)
6 creatures vanquished.

Grand Total: 105 creatures vanquished

Table legend:
 A = Non-vault XP
 B = Vault XP
 C = Vault XP percentage of total XP
 D = Non-vault monster count
 E = Vault monster count
 F = Vault count percentage of total count
                 A         B        C        D         E       F
            +---------+---------+-------+---------+---------+-------
      Total |    1000 |      96 |   8.8 |      80 |      25 |  23.8
            +---------+---------+-------+---------+---------+-------
        D:1 |      27 |       4 |  12.9 |      17 |       2 |  10.5
        D:2 |      58 |      37 |  38.9 |      15 |      12 |  44.4
        D:3 |     110 |      40 |  26.7 |      16 |       3 |  15.8
        D:4 |     792 |      15 |   1.9 |      31 |       8 |  20.5
        D:5 |      13 |       0 |   0.0 |       1 |       0 |   0.0
            +---------+---------+-------+---------+---------+-------

Illustrated notes

Table legend:
 A = Kills in this place as a percentage of kills in entire the game.
 B = Kills by you in this place as a percentage of kills by you in the entire game.
 C = Kills by friends in this place as a percentage of kills by friends in the entire game.
 D = Other kills in this place as a percentage of other kills in the entire game.
 E = Experience gained in this place as a percentage of experience gained in the entire game.
 F = Experience gained in this place divided by the number of levels of this place that you have seen.
                   A       B       C       D       E      F
               +-------+-------+-------+-------+-------+----------------------
         Total | 100.0 | 100.0 | 100.0 |   N/A | 100.0 | 219.2
       Dungeon | 100.0 | 100.0 | 100.0 |   N/A | 100.0 | 219.2
               +-------+-------+-------+-------+-------+----------------------

Table legend: (Time is in decaauts)
 A = Elapsed time spent in this place.
 B = Non-inter-level travel time spent in this place.
 C = Inter-level travel time spent in this place.
 D = Time resting spent in this place.
 E = Time spent auto-exploring this place.
 F = Levels seen in this place.
 G = Mean time per level.
                   A        B        C        D        E       F      G
               +--------+--------+--------+--------+--------+-----+--------+
         Total |   5721 |   5533 |    188 |   1348 |   3383 |   5 | 1144.2 |
       Dungeon |   5721 |   5533 |    188 |   1348 |   3383 |   5 | 1144.2 |
               +--------+--------+--------+--------+--------+-----+--------+

Top non-repeatable levels by time:
     D:3: 1926 daAuts
     D:2: 1317 daAuts
     D:4: 1227 daAuts
     D:1: 1183 daAuts
     D:5: 67 daAuts
